Map: Cosmic Sapphire

Players

trigger - Winner!

  • Race: Protoss Protoss
  • Spawn Location: 5:00

Lambo

  • Race: Zerg Zerg
  • Spawn Location: 11:00

Event: DreamHack SC2 Masters 2022 Atlanta (Offline)

VOD

Have the link to the VOD?

Description

Time

  • Played on: Nov. 18, 2022, 1:46 p.m.
  • Length: 8:45

All games in this series

Show
View Real Time Build Order
Export as new Build Order

trigger Protoss - Winner!

Build Orders: 1 Gate Expand, Oracle Opening 

Get SALT Encoding   

  12  0:00  Probe  
  13  0:12  Probe  
  14  0:20  Pylon  
  14  0:24  Probe  
  15  0:31  Assimilator  
  15  0:38  Probe (Chrono Boost)  
  16  0:43  Gateway  
  16  0:47  Probe (Chrono Boost)  
  17  0:52  Probe  
  18  1:04  Probe  
  19  1:16  Probe  
  20  1:23  Nexus  
  20  1:32  Cybernetics Core  
  20  1:36  Probe  
  21  1:41  Assimilator  
  21  1:48  Probe  
  21  1:51  Pylon  
  22  2:00  Probe (Chrono Boost)  
  23  2:08  Adept  
  23  2:09  Warp Gate  
  23  2:11  Probe (Chrono Boost)  
  26  2:15  Probe (Chrono Boost)  
  26  2:20  Stargate  
  27  2:27  Probe (Chrono Boost)  
  28  2:36  Probe (Chrono Boost)  
  30  2:38  Probe (Chrono Boost), Stalker  
  34  2:45  Probe x2 (Chrono Boost)  
  34  2:50  Probe (Chrono Boost)  
  34  2:53  Probe  
  36  3:00  Oracle (Chrono Boost)  
  36  3:02  Probe  
  36  3:05  Probe, Pylon  
  41  3:14  Probe  
  41  3:17  Probe  
  44  3:27  Probe  
  44  3:29  Oracle (Chrono Boost), Probe  
  48  3:39  Nexus  
  48  3:41  Probe  
  49  3:44  Twilight Council, Probe  
  49  3:47  Pylon  
  50  3:53  Probe  
  51  3:56  Gateway, Probe  
  51  3:59  Forge  
  52  4:05  Probe  
  52  4:09  Probe  
  54  4:13  Stalker  
  54  4:15  Gateway  
  56  4:18  Charge (Chrono Boost), Probe  
  56  4:21  Probe  
  56  4:22  Protoss Ground Weapons Level 1 (Chrono Boost)  
  58  4:24  Shield Battery  
  58  4:26  Pylon  
  58  4:30  Probe  
  59  4:33  Probe  
  60  4:40  Gateway  
  60  4:41  Gateway  
  60  4:44  Stalker  
  62  4:51  Probe, Stalker  
  62  4:52  Probe x2  
  67  5:00  Pylon  
  67  5:02  Gateway  
  67  5:08  Stalker  
  67  5:09  Stalker  
  71  5:23  Gateway, Stalker  
  71  5:24  Gateway  
  71  5:25  Pylon  
  71  5:26  Gateway  
  73  5:30  Gateway  
  73  5:33  Stalker  
  73  5:34  Gateway  
  75  5:43  Zealot x3  
  81  5:53  Zealot, Gateway  
  83  5:59  Zealot x2, Pylon  
  85  6:07  Adept  
  85  6:08  Zealot  
  85  6:09  Zealot  
  80  6:19  Zealot x4  
  80  6:25  Zealot x2  
  79  6:30  Zealot x4  
  77  6:39  Zealot x4  
  85  6:45  Zealot x2  
  87  6:49  Zealot  
  87  6:52  Zealot x2  
  83  7:01  Zealot x3  
  83  7:03  Zealot  
  76  7:11  Zealot x3  
  80  7:18  Zealot x3  
  78  7:30  Zealot x3  
  78  7:31  Zealot  
  78  7:34  Zealot x2  
  78  7:36  Zealot  
  92  7:39  Zealot  
  94  7:46  Zealot x3  
  92  7:58  Zealot x5  
  88  8:03  Zealot x2  
  84  8:12  Zealot x3  
  86  8:41  Zealot x11  
Show
View Real Time Build Order
Export as new Build Order

Lambo Zerg 

Build Orders: Hatch First 

Get SALT Encoding   

  12  0:00  Drone  
  13  0:12  Overlord  
  13  0:17  Drone  
  14  0:30  Drone x2  
  16  0:47  Hatchery  
  15  0:51  Drone  
  15  0:54  Drone  
  17  0:57  Drone  
  18  1:08  Extractor  
  17  1:13  Spawning Pool  
  17  1:15  Drone  
  17  1:18  Drone  
  18  1:27  Drone  
  19  1:38  Drone  
  20  1:48  Drone  
  21  1:59  Queen x2  
  21  2:00  Zergling x2  
  21  2:01  Overlord  
  26  2:09  Metabolic Boost  
  26  2:11  Drone x2  
  28  2:22  Drone x2  
  30  2:31  Drone  
  30  2:33  Hatchery  
  30  2:37  Drone  
  31  2:44  Drone, Overlord  
  31  2:49  Queen  
  34  2:53  Drone x2  
  36  3:02  Queen  
  38  3:06  Overlord  
  38  3:09  Drone x3  
  38  3:10  Drone  
  42  3:15  Drone  
  43  3:20  Overlord  
  43  3:25  Queen  
  45  3:31  Overlord  
  45  3:32  Drone  
  46  3:37  Roach Warren  
  46  3:40  Spore Crawler  
  43  3:42  Drone x4  
  43  3:47  Drone x2, Evolution Chamber  
  49  3:49  Overlord  
  49  3:55  Spore Crawler  
  48  3:56  Queen  
  48  3:59  Zergling x2  
  48  4:00  Zergling x4  
  53  4:03  Drone x2  
  56  4:10  Drone x2  
  56  4:11  Overlord  
  56  4:12  Drone  
  58  4:18  Overlord  
  58  4:21  Drone x4  
  58  4:24  Zerg Melee Weapons Level 1  
  62  4:26  Zergling x2  
  62  4:28  Drone  
  64  4:39  Drone x3, Hatchery  
  64  4:43  Drone x3  
  69  4:47  Zergling x4, Extractor  
  69  4:49  Drone x2  
  69  4:52  Baneling Nest  
  71  4:53  Drone  
  71  4:54  Drone  
  71  4:55  Drone  
  74  5:01  Drone x3  
  74  5:03  Overlord  
  74  5:05  Queen  
  79  5:07  Zergling x4  
  79  5:11  Zergling x6  
  83  5:14  Overlord  
  83  5:15  Overlord  
  83  5:18  Overlord  
  83  5:20  Overlord  
  83  5:23  Zergling x4  
  83  5:24  Zergling x6  
  83  5:27  Zergling x2  
  89  5:35  Overlord  
  89  5:36  Zergling x2  
  89  5:38  Queen  
  92  5:45  Overlord  
  92  5:46  Zergling x10  
  92  5:47  Hatchery  
  96  5:50  Baneling x2  
  96  5:51  Lair, Drone  
  96  5:52  Drone x2  
  96  5:53  Overlord  
  96  5:55  Zergling x6  
  101  5:58  Overlord  
  100  6:04  Zergling x8  
  100  6:08  Baneling x3  
  100  6:10  Zergling x4  
  103  6:15  Zergling x10  
  100  6:19  Zergling x2  
  100  6:22  Zergling x12  
  98  6:31  Zergling x2  
  98  6:32  Zergling x6  
  96  6:39  Zergling x6  
  96  6:41  Zergling x6  
  96  6:45  Zergling x4, Baneling x3  
  96  6:46  Baneling  
  98  6:51  Queen x2  
  98  6:52  Zergling x16  
  103  6:55  Baneling  
  103  6:57  Zergling x4  
  103  6:59  Zergling x4  
  99  7:06  Zergling x4  
  99  7:08  Queen  
  89  7:10  Zergling x10  
  89  7:11  Baneling x4  
  89  7:14  Zergling x2  
  93  7:20  Zergling x2  
  93  7:21  Zergling x4, Baneling  
  93  7:22  Baneling x2  
  93  7:25  Zergling x4  
  91  7:36  Zergling x8  
  95  7:37  Baneling x3  
  95  7:41  Zergling x8  
  97  7:44  Baneling  
  97  7:47  Hatchery  
  97  7:49  Zergling x8  
  92  7:55  Zergling x4  
  82  8:00  Zergling x10, Queen  
  83  8:07  Zergling x10, Baneling x5  
  83  8:09  Zergling x4  
  83  8:11  Zergling x4  
  87  8:14  Zergling x2  
  87  8:16  Zergling x6  
  79  8:20  Zergling x2  
  79  8:22  Zergling x2  
  79  8:23  Baneling x4  
  79  8:25  Zergling x2  
  79  8:26  Zergling x2  
Tags
 
Add a new tag
Caveats
  • Supply blocks, unpowered buildings, or Contaminate may cause inaccurate times.
  • Supply counts are checked every 10 seconds.